 Dungeon Crawl Stone Soup version 0.23-a0-419-g0174fd8 (webtiles) character file.

100 galech the Covered (level 4, -1/35 HPs)
             Began as a Demonspawn Fighter on Nov 13, 2018.
             Slain by Sigmund
             ... wielding a +1 scythe of protection
              (5 damage)
             ... on level 2 of the Dungeon.
             The game lasted 00:01:57 (1180 turns).

galech the Covered (Demonspawn Fighter)             Turns: 1180, Time: 00:01:57

Health: -1/35      AC:  6    Str: 22    XL:     4   Next: 46%
Magic:  13/13      EV:  7    Int:  9    God:
Gold:   89         SH: 11    Dex: 13    Spells: 3/3 levels left

rFire    . . .     SeeInvis .   a - +0 war axe
rCold    . . .     Gourm    .   l - +2 shield
rNeg     . . .     Faith    .   b - +0 scale mail
rPois    .         Spirit   .   (no helmet)
rElec    .         Reflect  .   (no cloak)
rCorr    .         Harm     .   (no gloves)
MR       .....                  (no boots)
Stlth    ..........             (no amulet)
HPRegen  0.11/turn              j - ring of magical power
MPRegen  0.13/turn              (no ring)

@: mighty
A: hooves 1
a: no special abilities


You were on level 2 of the Dungeon.
You were not hungry.

You visited 1 branch of the dungeon, and saw 2 of its levels.

You collected 89 gold pieces.

Inventory:

Hand Weapons
 a - a +0 war axe (weapon)
Armour
 b - a +0 scale mail (worn)
 l - a +2 shield (worn)
Jewellery
 j - a ring of magical power (left hand)
Scrolls
 e - 3 scrolls of identify {unknown}
 g - a scroll of random uselessness {unknown}
 h - a scroll of fog {unknown}
 m - a scroll of remove curse {unknown}
 o - a scroll of amnesia {unknown}
 q - a scroll of noise {unknown}
Potions
 c - a potion of haste {unknown}
 i - a potion of heal wounds {unknown}
 k - a potion of cancellation {unknown}
 p - 4 potions of curing {unknown}
Comestibles
 f - 5 rations
 n - 2 chunks of flesh


   Skills:
 + Level 3.3 Fighting
 + Level 2.8 Axes
 + Level 3.4 Armour
 + Level 0.3 Dodging
 + Level 0.1 Stealth
 + Level 3.3 Shields


You had 3 spell levels left.
You didn't know any spells.
Your spell library was empty.

Dungeon Overview and Level Annotations

Branches:
Dungeon (2/15)

Altars:
Ashenzari
Cheibriados
Sif Muna

Annotations:
D:2 Sigmund


Innate Abilities, Weirdness & Mutations

You have large cloven feet.


Message History

You barely miss Sigmund. Your kick misses Sigmund. Sigmund barely misses you.
Sigmund casts a spell at you. The magic dart hits you!
* * * LOW HITPOINT WARNING * * *
You bump into the rock wall.
Sigmund hits you but does no damage.
You bump into the rock wall.
Sigmund barely misses you.
You bump into the rock wall.
You bump into the rock wall.
You feel less confused. You block Sigmund's attack.
You closely miss Sigmund. Your kick misses Sigmund. You block Sigmund's attack.
You hit Sigmund. Your kick misses Sigmund.
Sigmund is lightly wounded.
Sigmund casts a spell at you. The magic dart hits you!
* * * LOW HITPOINT WARNING * * *
You hit Sigmund. Your kick misses Sigmund.
Sigmund is lightly wounded.
Sigmund hits you with a +1 scythe of protection.
You die...

###..##.# #≈≈≈≈≈≈≈≈≈≈≈≈.# #..##.#
#≈≈≈≈≈..≈≈≈≈..# ###..##.#
#.≈≈≈≈♣_≈≈≈≈..# ........#
#..≈≈≈≈.♣≈≈≈.≈#
#######.###########≈.≈≈≈≈≈≈≈≈≈..#
#.............≈≈≈≈≈≈≈≈≈≈..#
#####.###########≈.≈≈≈≈≈≈≈≈≈≈.#
#.....# ####..≈..≈.≈.≈≈...#
#.##### #@@..≈.≈≈≈...≈....# #.#
#.##.#####..####### #.#
#.###.###.#.# #.# #.# #....##.#
#.# #.# #..####.# #.# #.# #..#
#.# ##.## #.# #..# #.# ##...###
#.###..# #.# ...#...#
#......####.#


You could see Sigmund.

Vanquished Creatures
  Jessica (D:2)
  An iguana (D:2)
  2 oozes (D:1)
  3 dart slugs
  A leopard gecko (D:2)
  A bat (D:2)
  5 goblins
  6 hobgoblins
  2 quokkas (D:2)
  A frilled lizard (D:1)
  7 kobolds (D:1)
  5 rats
  A plant (D:1)
36 creatures vanquished.

Notes
Turn   | Place    | Note
-------+----------+-------------------------------------------
     0 | D:1      | galech the Demonspawn Fighter began the quest for the Orb.
     0 | D:1      | Reached XP level 1. HP: 18/18 MP: 1/1
   128 | D:1      | Gained mutation: You have large cloven feet. [demonic
                  | ancestry]
   128 | D:1      | Reached XP level 2. HP: 22/24 MP: 2/2
   495 | D:1      | Reached XP level 3. HP: 24/29 MP: 3/3
   775 | D:2      | Found a snail-covered altar of Cheibriados.
   778 | D:2      | Found a shattered altar of Ashenzari.
   781 | D:2      | Found a deep blue altar of Sif Muna.
   829 | D:2      | Reached XP level 4. HP: 29/35 MP: 4/4
   938 | D:2      | Noticed Jessica
   943 | D:2      | Killed Jessica
   984 | D:2      | Found a faded altar of an unknown god.
  1161 | D:2      | Noticed Sigmund
  1180 | D:2      | Slain by Sigmund

Vault maps used:
D:1:      erik_arrival_gehennom, minmay_strange_pillars, serial_bayou_lagoon_a
D:2:      grunt_temple_overflow_diamond, first_ration,
          chequers_ecumenical_altar_island, uniq_sigmund, uniq_jessica

Skill      XL: |  1  2  3 |
---------------+----------+-----
Axes           | 2 |  2.8
Shields        | 3 |  3.3
Armour         | 3 |  3.4
Fighting       | |  3.3
Dodging        | |  0.3
Stealth        | |  0.1

Action                   |  1- 3 |  4- 6 || total
-------------------------+-------+-------++-------
Melee: War axe           |   112 |    25 ||   137
       Kick              |    21 |     4 ||    25
  Use: Potion            |       |     1 ||     1
  Eat: Chunk             |       |     1 ||     1
Armor: Scale mail        |    33 |     7 ||    40
Dodge: Dodged            |    22 |     6 ||    28
Block: Shield            |    43 |    11 ||    54

Table legend:
 A = Non-vault XP
 B = Vault XP
 C = Vault XP percentage of total XP
 D = Non-vault monster count
 E = Vault monster count
 F = Vault count percentage of total count
                 A         B        C        D         E       F
            +---------+---------+-------+---------+---------+-------
      Total |      89 |      54 |  37.8 |      29 |       6 |  17.1
            +---------+---------+-------+---------+---------+-------
        D:1 |      29 |      17 |  37.0 |      17 |       5 |  22.7
        D:2 |      60 |      37 |  38.1 |      12 |       1 |   7.7
            +---------+---------+-------+---------+---------+-------
